cohdb
Replays
Latest Replays
All Replays
Popular Replays
Top Player Replays
Match Explorer
How It Works
Community
CoH3 Stats
Reddit
Sign in to upload your games and track your stats! →
Sign in with Steam
Match 41752263
Unlisted
Match 41752263
Overview
Messages
Build Orders
End
250 Light Carrier
Selects Italian Infantry
Panzergrenadier Squad
Panzerpioneer Squad
Construct Light Support Kompanie
Selects Defensive Operations
Assault Grenadier Squad
Fire Support Elements
2.5-tonne Medical Truck
Selects Guastatori Squad
Forward Retreat Point
Pak 38 Mechanized Group
Combat Half-tracks
Selects Registered Artillery
Pak 38 Anti-tank Gun Team
Construct Panzerarmee Kommand
Guastatori Squad
Selects Towed Cannone da 105/28 Field Howitzer
Pak 38 Anti-tank Gun Team
Armored Reserves
Towed Cannone da 105/28 Field Howitzer
Panzer IV Assault Group
Selects Prepared Positions
2.5-tonne Medical Truck
Guastatori Squad
Registered Artillery
Selects Propaganda War
Propaganda War
StuG Assault Group
Jonas Van Hallen
是棋老师鸭
卡尔文
hlsdvl
mp5
Dawes
Azikal.
KIMCHIMAN
0
0
Comments
sign in to comment!
No comments posted yet!